 Dungeon Crawl Stone Soup version 0.31-a0-232-gb1c03b2570 (webtiles) character file.

Game seed: 14842985759643424159

2 qw the Vexing (level 1, -4/12 HPs)
             Began as a Gargoyle Hexslinger on July 7, 2023.
             Slain by a gnoll
             ... wielding a +0 spear
              (6 damage)
             ... on level 1 of the Dungeon.
             The game lasted 00:00:02 (45 turns).

qw the Vexing (Gargoyle Hexslinger)                   Turns: 45, Time: 00:00:02

Health: -4/12      AC:  4    Str: 11    XL:     1   Next: 40%
Magic:  2/2        EV: 12    Int: 13    God:
Gold:   11         SH:  0    Dex: 12    Spells: 1/2 levels left

rFire   . . .        Y - +1 sling
rCold   . . .        (no shield)
rNeg    + . .        c - +0 robe
rPois   inf          (no helmet)
rElec   +            (no cloak)
rCorr   .            (no gloves)
SInv    .            (no boots)
Will    .....        (no amulet)
Stlth   +            (no ring)
HPRegen 0.22/turn    (no ring)
MPRegen 0.08/turn

%: no passive effects
@: no status effects
A: sickness immunity, AC +2, negative energy resistance 1, electricity
resistance, torment resistance 1, petrification resistance
a: no special abilities


You were on level 1 of the Dungeon.
You visited 1 branch of the dungeon, and saw 1 of its levels.

You collected 11 gold pieces.


Innate Abilities, Weirdness & Mutations

You are immune to sickness and miasma.
Your stone body is resilient. (AC +2)
You are immune to poison.
You resist negative energy. (rN+)
You are resistant to electric shocks. (rElec)
You are resistant to unholy torment.
You are immune to petrification.


   Skills:
 - Level 1.1 Fighting
 + Level 2.2 Ranged Weapons
 - Level 1.5 Dodging
 - Level 1.0 Spellcasting
 - Level 2.6 Hexes


You had one spell level left.
You knew the following spells:

 Your Spells              Type           Power      Damage    Failure   Level
a - Slow                  Hex            28%        N/A       10%         1

Your spell library contained the following spells:

 Spells                   Type           Power      Damage    Failure   Level
 Inner Flame              Hex/Fire       4%         N/A       43%         3
 Portal Projectile        Hex/Tloc       8%         N/A       43%         3
 Cause Fear               Hex            3%         N/A       67%         4

Inventory:

Hand Weapons
 Y - a +1 sling (weapon)
Armour
 c - a +0 robe (worn)
Scrolls
 b - a scroll of poison

Dungeon Overview and Level Annotations

Branches:
Dungeon (1/15)

Altars:

Annotations:
D:1 exclusion: gnoll


Message History

The slug dart hits you.
22 ||| FLEEEEING.
The dart slug launches a dart at you. The slug dart misses you.
You see here a scroll labelled UXOTUK NORUH.
23 ||| FLEEEEING.
24 ||| FLEEEEING.
25 ||| FLEEEEING.
26 ||| FLEEEEING.
You start resting.
A dart slug is nearby!
You shoot a sling bullet. The sling bullet hits the dart slug.
You kill the dart slug!
You start resting.
HP restored.
d - a scroll labelled UXOTUK NORUH You now have 11 gold pieces.
A gnoll comes into view. It is wielding a +0 spear.
Enter note: You shoot a sling bullet.
The sling bullet hits the gnoll.
The gnoll is lightly wounded.
You shoot a sling bullet.
The sling bullet closely misses the gnoll.
You shoot a sling bullet.
The sling bullet barely misses the gnoll.
The gnoll hits you from afar with a +0 spear.
The gnoll completely misses you.
You shoot a sling bullet. The sling bullet hits the gnoll!
The gnoll is severely wounded.
The gnoll hits you from afar with a +0 spear.
Ouch! That really hurt!
45 ||| READING scroll labelled UXOTUK NORUH.
Blink to where?
Press: ? - help, Dir - move target, f - you, p - gnoll Are you sure you want to cancel this blink?
As you read the scroll labelled UXOTUK NORUH, it crumbles to dust.
It was a scroll of blinking.
The gnoll hits you from afar with a +0 spear.
Ouch! That really hurt!
You die...

.. .... .. ... ###.##..
......# ###..... ..
##....g. . #..##......##
.. ##........@.####...
#######...#...#.........#
.............####........
............# ##..###.#.
.............###...## #
.7........##.....#..##
..8.......######..#..#.#
...........# ###.........
.......###.###...###%....#


You could see a gnoll.

Vanquished Creatures
  A dart slug (D:1)
1 creature vanquished.

Notes
Turn   | Place    | Note
-------+----------+-------------------------------------------
     0 | D:1      | qw the Gargoyle Hexslinger began the quest for the Orb.
     0 | D:1      | Reached XP level 1. HP: 12/12 MP: 2/2
     0 | D:1      | 0 ||| qw: Version: 0.3-a-46-gb1f654a
     0 | D:1      | 0 ||| qw: Game counter: 2340
     0 | D:1      | 0 ||| qw: Melee chars always use a shield: true
     0 | D:1      | 0 ||| qw: God list: Okawaru
     0 | D:1      | 0 ||| qw: Allow faded altars: false
     0 | D:1      | 0 ||| qw: Do Orc after clearing Dungeon:15 true
     0 | D:1      | 0 ||| qw: Do second Lair branch before Depths: true
     0 | D:1      | 0 ||| qw: Lair rune preference: random
     0 | D:1      | 0 ||| qw: Goals: Normal
     0 | D:1      | 0 ||| PLANNING D:1-11
    22 | D:1      | 22 ||| FLEEEEING.
    23 | D:1      | 23 ||| FLEEEEING.
    24 | D:1      | 24 ||| FLEEEEING.
    25 | D:1      | 25 ||| FLEEEEING.
    26 | D:1      | 26 ||| FLEEEEING.
    44 | D:1      | HP: 2/12 [gnoll/+0 spear (6)]
    45 | D:1      | 45 ||| READING scroll labelled UXOTUK NORUH.
    45 | D:1      | Slain by a gnoll

Levels and vault maps discovered:
D:1:      wander_arrival_lonely_grave, layout_rooms, serial_shops, shop

Action                     || total
---------------------------++-------
   Fire: Sling             ||     8
    Use: Scroll            ||     1
  Dodge: Dodged            ||     2

Table legend:
 A = Non-vault XP
 B = Vault XP
 C = Vault XP percentage of total XP
 D = Non-vault monster count
 E = Vault monster count
 F = Vault count percentage of total count
                 A         B        C        D         E       F
            +---------+---------+-------+---------+---------+-------
      Total |       4 |       0 |   0.0 |       1 |       0 |   0.0
            +---------+---------+-------+---------+---------+-------
        D:1 |       4 |       0 |   0.0 |       1 |       0 |   0.0
            +---------+---------+-------+---------+---------+-------
